 Dungeon Crawl Stone Soup version 0.29.1 (webtiles) character file.

Game seed: 12216944090778674638

83 ILmort the Trooper (level 4, 35/35 HPs)
             Began as a Demonspawn Fighter on Sept 14, 2022.
             Quit the game on level 2 of the Dungeon.
             The game lasted 00:02:35 (1526 turns).

ILmort the Trooper (Demonspawn Fighter)             Turns: 1526, Time: 00:02:36

Health: 35/35      AC:  6    Str: 18    XL:     4   Next: 22%
Magic:  4/4        EV:  9    Int: 10    God:
Gold:   119        SH:  4    Dex: 12    Spells: 3/3 levels left

rFire   . . .      SeeInvis .   a - +0 war axe
rCold   . . .      Faith    .   c - +0 buckler
rNeg    . . .      Spirit   .   b - +0 scale mail
rPois   .          Reflect  .   (no helmet)
rElec   .          Harm     .   (no cloak)
rCorr   .          Rampage  .   (no gloves)
Will    .....                   (no boots)
Stlth   ..........              (no amulet)
HPRegen 0.11/turn               (no ring)
MPRegen 0.09/turn               (no ring)

@: no status effects
A: sturdy frame 1, weakness stinger 1
a: no special abilities


You were on level 2 of the Dungeon.
You visited 1 branch of the dungeon, and saw 2 of its levels.

You collected 119 gold pieces.

Inventory:

Hand Weapons
 a - a +0 war axe (weapon)
 l - a +2 whip of electrocution
Missiles
 i - 6 poisoned darts (quivered)
Armour
 b - a +0 scale mail (worn)
 c - a +0 buckler (worn)
Jewellery
 m - a ring of fire
Scrolls
 e - a scroll of summoning {unknown}
 f - a scroll of amnesia {unknown}
 g - 3 scrolls of identify {unknown}
 h - a scroll of immolation {unknown}
 j - a scroll of silence {unknown}
 o - a scroll of magic mapping {unknown}
 p - a scroll of teleportation {unknown}
 q - a scroll of noise {unknown}
 s - a scroll of blinking {unknown}
Potions
 d - a potion of might
 k - a potion of curing {unknown}
 n - a potion of heal wounds {unknown}
 r - a potion of haste {unknown}


   Skills:
 + Level 3.5 Fighting
 * Level 2.9 Axes
 + Level 3.1 Armour
 + Level 3.1 Shields


You had 3 spell levels left.
You didn't know any spells.
Your spell library was empty.

Dungeon Overview and Level Annotations

Branches:
Dungeon (2/15)

Altars:


Innate Abilities, Weirdness & Mutations

Your movements are slightly less encumbered by armour. (ER -2)
You have a small tail.


Message History

You are too injured to fight recklessly!
You are too injured to fight recklessly!
You are too injured to fight recklessly!
You are too injured to fight recklessly!
You are too injured to fight recklessly!
You are too injured to fight recklessly!
You are too injured to fight recklessly!
You are too injured to fight recklessly!
You hit the adder. You hit the dart slug but do no damage.
You feel sick.
You block the adder's attack. x2; The dart slug barely misses you.
You slash the adder!
You kill the adder!
You hit the dart slug.
You feel sick.
You are no longer poisoned.
The dart slug bites you. The rat closely misses you.
You have reached level 4!
You feel clever.
Your demonic ancestry asserts itself...
You grow a small tail.
You slash the rat!
You kill the rat!
You hit the dart slug. The dart slug closely misses you.
You hit the worm. You hit the dart slug.
You kill the dart slug!
The worm bites you but does no damage.
You hit the worm. The worm bites you but does no damage.
You slash the worm!
You kill the worm!
Things that are here:
a +0 dagger; an adder corpse; a goblin corpse An endoplasm comes into view.
You see here a scroll labelled JAGUNUANLA.
Found 9 gold pieces.
You slash the endoplasm!
You kill the endoplasm!
Found a scroll labelled CAOBRI ZATOLUEZU.
You now have 103 gold pieces (gained 9).
q - a scroll labelled CAOBRI ZATOLUEZU You now have 119 gold pieces (gained 16).
r - a viscous golden potion
s - a scroll labelled JAGUNUANLA

#....#
..##.#....#### #..
....######
..#..#..)..# #..
#........#
..#..#...#.###.#..
#...#....#
#.#.##.(..........
#...#....#
#.#.........†..>..
#..##...#
#.###......#####..
#..####.###.#
#......# ##
#..........#
#......#
.###........@#
#..<...# .
..####.......#
#......# .## #..#
####..†)# #.######
...##..## ####†#
#)# ....#...#
###...# #.#
....#...# ##.....#
#.#
........###......#
#.#
#####....##..###.#
#.# #....#.†.# #.#
#.#


There were no monsters in sight!

Vanquished Creatures
  2 adders (D:2)
  A worm (D:2)
  2 dart slugs
  6 bats
  6 endoplasms
  2 giant cockroaches (D:1)
  3 goblins
  6 hobgoblins
  7 jackals
  4 quokkas
  2 ball pythons (D:2)
  3 kobolds
  9 rats
53 creatures vanquished.

Notes
Turn   | Place    | Note
-------+----------+-------------------------------------------
     0 | D:1      | ILmort the Demonspawn Fighter began the quest for the Orb.
     0 | D:1      | Reached XP level 1. HP: 18/18 MP: 1/1
   255 | D:1      | Gained mutation: Your movements are slightly less
                  | encumbered by armour. (ER -2) [demonic ancestry]
   255 | D:1      | Reached XP level 2. HP: 18/24 MP: 2/2
   934 | D:2      | Reached XP level 3. HP: 27/29 MP: 3/3
  1404 | D:2      | Gained mutation: You have a small tail. [demonic ancestry]
  1404 | D:2      | Reached XP level 4. HP: 24/35 MP: 4/4
  1526 | D:2      | Quit the game

Illustrated notes

Levels and vault maps discovered:
D:1:      psy_arrival_fountain, layout_rooms
D:2:      minmay_recursive_quarters, layout_basic,
          dreamdust_ecumenical_altar_drowned_temple, minmay_heptomino_h4

Skill      XL: |  1  2  3 |
---------------+----------+-----
Axes           | 2 |  2.9
Armour         | 3 |  3.1
Shields        | 3 |  3.1
Fighting       | |  3.5

Action                   |  1- 3 |  4- 6 || total
-------------------------+-------+-------++-------
Melee: War axe           |   139 |     5 ||   144
Armor: Scale mail        |    90 |     2 ||    92
Dodge: Dodged            |    97 |     1 ||    98
Block: Buckler           |    42 |       ||    42
